 Dungeon Crawl Stone Soup version 0.26-a0-546-g3c2127501a (webtiles) character file.

Game seed: 12478586256525753171

(classic levelgen) 1495 EnegeticOcto the Cleaver (level 8, 41/68 HPs)
             Began as a Deep Dwarf Fighter on Aug 19, 2020.
             Was an Initiate of Ru.
             Quit the game on level 4 of the Dungeon.
             The game lasted 00:05:26 (1416 turns).

EnegeticOcto the Cleaver (Deep Dwarf Fighter)       Turns: 1416, Time: 00:05:27

Health: 41/68      AC: 15    Str: 22    XL:     8   Next: 51%
Magic:  3/3        EV:  5    Int:  9    God:    Ru [......]
Gold:   149        SH: 10    Dex: 12    Spells: 7/7 levels left

rFire    . . .     SeeInvis .   a - +1 war axe
rCold    . . .     Faith    .   c - +1 kite shield
rNeg     . . .     Spirit   .   g - +3 chain mail
rPois    .         Reflect  .   (no helmet)
rElec    .         Harm     .   (no cloak)
rCorr    .                      (no gloves)
MR       +....                  j - +2 pair of boots
Stlth    ..........             (no amulet)
HPRegen  0.00/turn              (no ring)
MPRegen  0.08/turn              (no ring)

@: non-regenerating
A: damage resistance, heal wounds, sense surroundings 1, no regeneration
a: Heal Wounds, Renounce Religion


You were on level 4 of the Dungeon.
You worshipped Ru.
Ru was noncommittal.
You visited 1 branch of the dungeon, and saw 7 of its levels.
You also visited: Ossuary.

You collected 149 gold pieces.

Inventory:

Hand Weapons
 a - a +1 war axe (weapon)
Missiles
 u - a throwing net (quivered) {!f}
Armour
 b - a +0 scale mail
 c - a +1 kite shield (worn)
 g - a +3 chain mail (worn)
 j - a +2 pair of boots (worn)
Scrolls
 f - 2 scrolls of random uselessness
 i - 2 scrolls of amnesia
 q - 2 scrolls of immolation
 r - 2 scrolls of identify {@r1}
 s - a scroll of remove curse {@r2}
Potions
 d - 2 potions of might {@q3 !q}
 e - 2 potions of lignification {@q6}
 h - a potion of berserk rage {unknown}
 k - a potion of mutation
 l - 7 potions of degeneration
 m - 3 potions of flight
 n - a potion of resistance {unknown}
 o - a potion of magic {unknown}
 p - 2 potions of curing {unknown}
 t - 2 potions of heal wounds {unknown}


   Skills:
 - Level 2.6 Fighting
 + Level 11.6 Axes
 - Level 3.2 Armour
 - Level 3.2 Shields


You had 7 spell levels left.
You didn't know any spells.
Your spell library was empty.

Dungeon Overview and Level Annotations

Branches:
Dungeon (7/15)            Ossuary (visited)
 Temple: D:4-7

Altars:
Gozag
Ru

Shops:
D:5 !


Innate Abilities, Weirdness & Mutations

You are resistant to damage.
You can heal yourself by infusing magical energy.
You passively map a small area around you.
You do not regenerate.


Message History

No target in view!
No target in view!
No target in view!
No target in view!
Things that are here:
a +0 shortbow; 9 arrows; a centaur corpse
There is an escape hatch in the ceiling here.
Really go through this one-way escape hatch?
A mysterious force pulls you upwards. The hatch slams shut behind you.
The orc shouts!
The orc priest shouts! 2 orcs come into view.
Found a leather armour.
You hit the orc.
The orc is severely wounded.
The orc hits you but does no damage.
A leopard gecko comes into view.
You slash the orc!
You kill the orc!
Your chain mail prevents you from hitting the orc priest.
The orc priest hits you but does no damage.
You slash the orc priest!
The orc priest is heavily wounded.
You hit the orc. The orc barely misses you.
The orc priest mumbles some strange prayers to Beogh against you.
Beogh smites you!
You slice the orc priest!!
You kill the orc priest!
You barely miss the orc. The orc hits you.
You slash the orc!
You kill the orc!
You slash the orc!
You kill the orc!
You closely miss the leopard gecko. You block the leopard gecko's attack.
You slash the leopard gecko!
You kill the leopard gecko!
No target in view!
No target in view!
No target in view!
No target in view!
No target in view!
No target in view!
No target in view!
No target in view!
No target in view!
No target in view!
No target in view!
No target in view!
No target in view!
You see here a +0 flail.
Found a scroll of identify.
A leopard gecko comes into view.
The leopard gecko hisses angrily.
You block the leopard gecko's attack.
You closely miss the leopard gecko. The leopard gecko barely misses you.
You miss the leopard gecko. You block the leopard gecko's attack.
You slash the leopard gecko!
You kill the leopard gecko!
No target in view!
No target in view!
No target in view!
No target in view!
No target in view!
No target in view!
r - 2 scrolls of identify {@r1} (gained 1)
Found a short sword.
Things that are here:
a +0 short sword; an orc corpse
Found a sacrificial altar of Ru.
No target in view!
No target in view!
No target in view!
No target in view!
No target in view!
No target in view!
No target in view!
No target in view!
No target in view!
No target in view!
No target in view!
An adder comes into view.
The adder hisses angrily.
You miss the adder. The adder bites you but does no damage.
You hit the adder but do no damage.
The adder bites you but does no damage. x2
You slice the adder!!
You kill the adder!
No target in view!
No target in view!
No target in view!
No target in view!
No target in view!
No target in view!
No target in view!
No target in view!
No target in view!
No target in view!
No target in view!
There is a sacrificial altar of Ru here.
You kneel at the altar of Ru.
Ru welcomes you!
Are you sure you want to abandon this character and quit the game? (Confirm with "yes".)

,, , ###.....##....##
###..............# *
,###................## *
###...................#
####.....#####...........## #
###.......##...##...........#
####.......###.....##..........##
...........##.......#...........#
................@...#.......<...#
............#.......#..<........#
..##........##.....##...........#
#...........###...##...........##
............########...........#
.####............†.............#
## ##...####....†......[......# #
##.## ##...##............# ###
##.[....####.......#


There were no monsters in sight!

Vanquished Creatures
  Grinder (D:6)
  3 ogres
  A phantom (D:5)
  3 centaurs
  A bullfrog (D:6)
  A water moccasin zombie (D:7)
  3 wights (D:6)
  A bullfrog zombie (D:6)
  A centaur zombie (D:5)
  An orc priest (D:4)
  An iguana (D:5)
  An orc wizard (D:6)
  2 bullfrog skeletons
  A centaur skeleton (D:5)
  2 worker ants
  5 mummies (Ossuary)
  2 hound skeletons (D:5)
  7 adders
  An ufetubus (D:5)
  2 oozes (D:2)
  3 leopard geckos
  7 orcs
  3 giant cockroaches
  A goblin (D:2)
  A kobold (D:3)
  4 quokkas
  A ball python (D:6)
  A bat (D:2)
  A frilled lizard (D:2)
  A jackal zombie (D:7)
  A quokka zombie (D:5)
  2 rats (D:2)
66 creatures vanquished.

Notes
Turn   | Place    | Note
-------+----------+-------------------------------------------
     0 | D:1      | EnegeticOcto the Deep Dwarf Fighter began the quest for the
                  | Orb.
     0 | D:1      | Reached XP level 1. HP: 20/20 MP: 1/1
    96 | D:2      | Reached skill level 3 in Axes
    97 | D:2      | Reached XP level 2. HP: 27/27 MP: 2/2
   228 | D:4      | Reached XP level 3. HP: 33/33 MP: 3/3
   274 | D:4      | Reached skill level 4 in Axes
   296 | D:5      | Entered Level 5 of the Dungeon
   302 | D:5      | Reached XP level 4. HP: 33/40 MP: 4/4
   308 | D:5      | Reached skill level 5 in Axes
   341 | D:4      | Reached XP level 5. HP: 43/46 MP: 5/5
   394 | D:6      | Reached skill level 6 in Axes
   469 | D:7      | Noticed a centaur
   476 | D:7      | Your magical essence is drained by the effort!
   482 | D:7      | Killed a centaur
   482 | D:7      | Reached skill level 7 in Axes
   482 | D:7      | Reached XP level 6. HP: 46/55 MP: 5/5
   516 | D:7      | Found a sand-covered staircase.
   524 | Ossuary  | Entered an ossuary
   779 | D:6      | Noticed Grinder
   781 | D:6      | Your magical essence is drained by the effort!
   790 | D:6      | Paralysed by Grinder for 7 turns
   799 | D:6      | Reached skill level 8 in Axes
   802 | D:6      | Killed Grinder
   802 | D:6      | Reached skill level 9 in Axes
   802 | D:6      | Reached XP level 7. HP: 53/61 MP: 5/5
   845 | D:6      | Your magical essence is drained by the effort!
   884 | D:6      | Reached skill level 10 in Axes
   905 | D:6      | Reached XP level 8. HP: 36/68 MP: 5/5
   906 | D:6      | Your magical essence is drained by the effort!
   958 | D:5      | Found an opulent altar of Gozag.
  1006 | D:5      | Your magical essence is drained by the effort!
  1028 | D:5      | Reached skill level 11 in Axes
  1069 | D:5      | Found Hetarph's Distillery.
  1368 | D:4      | Found a sacrificial altar of Ru.
  1415 | D:4      | Became a worshipper of Ru the Awakened
  1416 | D:4      | Quit the game

Illustrated notes

Levels and vault maps discovered:
D:1:      dpeg_arrival_fog, layout_basic, supply_closet_lemuel,
          grunt_decor_one_mirror
D:2:      layout_basic, serial_forest, infiniplex_forest_clump_large,
          infiniplex_forest_straight_1, infiniplex_forest_lined_room_3,
          infiniplex_forest_lined_room_2, infiniplex_forest_lined_1,
          infiniplex_forest_lined_2, infiniplex_forest_lined_room_3,
          infiniplex_forest_fountain, kennysheep_cluttered_room
D:3:      layout_basic, gammafunk_temple_overflow_claw, marbit_many_paths
D:4:      layout_cave_pods, lemuel_round_altar
D:5:      layout_cave_pools, serial_shops, kennysheep_mini_moat,
          nicolae_gozag_seed_capital
D:6:      layout_basic, old_standard_altar, minmay_temple_entry_enclosed_plants,
          cheibrodos_sewer_entry_bend, uniq_grinder
D:7:      layout_gridville, enter_ossuary_3

Skill      XL: |  1  2  3  4  5  6  7  8 |
---------------+-------------------------+-----
Axes           | 3 4 5 7 9 10 11 | 11.6
Fighting       | |  2.6
Armour         | |  3.2
Shields        | |  3.2

Action                   |  1- 3 |  4- 6 |  7- 9 || total
-------------------------+-------+-------+-------++-------
Melee: War axe           |    46 |   107 |   105 ||   258
 Abil: Heal Wounds       |       |     4 |     3 ||     7
  Use: Scroll            |       |     6 |     5 ||    11
Armor: Scale mail        |     6 |       |       ||     6
       Chain mail        |    32 |    64 |    81 ||   177
Dodge: Dodged            |    13 |    31 |    35 ||    79
Block: Kite shield       |    23 |    59 |    69 ||   151

Table legend: (Time is in decaauts)
 A = Elapsed time spent in this place.
 B = Non-inter-level travel time spent in this place.
 C = Inter-level travel time spent in this place.
 D = Time resting spent in this place.
 E = Time spent auto-exploring this place.
 F = Levels seen in this place.
 G = Mean time per level.
                   A        B        C        D        E       F      G
               +--------+--------+--------+--------+--------+-----+--------+
         Total |   1468 |   1391 |     77 |      0 |    145 |   8 |  183.5 |
       Dungeon |   1321 |   1244 |     77 |      0 |    145 |   7 |  188.7 |
       Ossuary |    146 |    146 |      0 |      0 |      0 |   1 |  146.0 |
               +--------+--------+--------+--------+--------+-----+--------+

Top non-repeatable levels by time:
     D:4: 391 daAuts
     D:5: 301 daAuts
     D:6: 215 daAuts
     D:7: 204 daAuts
 Ossuary: 146 daAuts
     D:2: 100 daAuts
     D:3: 81 daAuts
     D:1: 28 daAuts
